Map: Abandoned Parish

Players

Grumm

  • Race: Protoss Protoss
  • League: Gold
  • Spawn Location: 12:00

LiKiZiA

  • Race: Protoss Protoss
  • Spawn Location: 9:00

Brotoss

  • Race: Terran Terran
  • League: Platinum
  • Spawn Location: 3:00

Lampara

  • Race: Protoss Protoss
  • Spawn Location: 12:00

ferrerm

  • Race: Protoss Protoss
  • League: Bronze
  • Spawn Location: 7:00

JJFuegoAs

  • Race: Protoss Protoss
  • Spawn Location: 6:00

roflQUAFFLE

  • Race: Zerg Zerg
  • Spawn Location: 3:00

Goochologist

  • Race: Protoss Protoss
  • Spawn Location: 6:00

VOD

Have the link to the VOD?

Description

Time

  • Played on: Jan. 11, 2016, 7:42 p.m.
  • Length: 14:06
Show
View Real Time Build Order
Export as new Build Order

Grumm Protoss 

Build Orders: Nexus First 

Get SALT Encoding   

  12  0:36  Nexus  
  12  0:41  Probe (Chrono Boost)  
  13  0:51  Probe (Chrono Boost)  
  14  0:59  Pylon  
  14  1:03  Probe (Chrono Boost)  
  15  1:13  Assimilator  
  15  1:17  Probe (Chrono Boost)  
  16  1:23  Forge  
  16  1:28  Probe (Chrono Boost)  
  17  1:41  Gateway  
  17  1:45  Probe (Chrono Boost)  
  18  1:52  Probe (Chrono Boost)  
  19  1:59  Probe (Chrono Boost)  
  20  2:03  Probe (Chrono Boost)  
  21  2:10  Probe (Chrono Boost)  
  22  2:18  Probe (Chrono Boost)  
  22  2:19  Pylon  
  22  2:20  Probe (Chrono Boost)  
  24  2:32  Cybernetics Core  
  24  2:37  Photon Cannon  
  24  2:39  Probe (Chrono Boost)  
  25  2:45  Assimilator  
  25  2:49  Assimilator  
  25  2:54  Pylon  
  25  2:55  Probe (Chrono Boost)  
  26  3:01  Pylon  
  26  3:02  Probe (Chrono Boost)  
  27  3:12  Adept  
  29  3:23  Pylon  
  29  3:26  Photon Cannon  
  29  3:28  Probe (Chrono Boost)  
  29  3:29  Probe (Chrono Boost)  
  31  3:38  Probe (Chrono Boost)  
  32  3:42  Warp Gate (Chrono Boost)  
  32  3:44  Probe  
  33  3:52  Stargate  
  33  4:02  Stargate  
  33  4:04  Stargate, Pylon, Probe  
  33  4:06  Probe  
  35  4:13  Photon Cannon  
  35  4:15  Probe  
  36  4:18  Probe  
  36  4:21  Assimilator  
  37  4:29  Stalker  
  39  4:31  Probe  
  38  4:39  Phoenix  
  38  4:41  Probe  
  38  4:42  Probe  
  42  4:52  Probe  
  42  4:53  Probe  
  42  4:54  Phoenix  
  46  5:03  Probe  
  47  5:08  Twilight Council  
  47  5:10  Pylon  
  47  5:36  Probe  
  47  5:38  Probe  
  47  5:39  Void Ray  
  47  5:42  Void Ray  
  57  5:49  Gateway x2  
  57  5:52  Gateway  
  57  5:55  Gateway x2  
  57  6:08  Photon Cannon  
  57  6:13  Cybernetics Core  
  57  6:15  Photon Cannon  
  57  6:17  Pylon  
  57  6:18  Photon Cannon  
  57  6:27  Void Ray (Chrono Boost)  
  57  6:30  Void Ray (Chrono Boost)  
  65  6:43  Stalker  
  65  6:53  Probe x2  
  71  7:05  Zealot x3  
  71  7:06  Void Ray (Chrono Boost), Zealot  
  71  7:07  Zealot x2  
  79  7:30  Stalker  
  79  7:31  Stalker x4  
  89  7:57  Gateway  
  89  8:01  Nexus  
  89  8:06  Photon Cannon  
  89  8:08  Pylon  
  89  8:12  Void Ray (Chrono Boost)  
  101  8:27  Void Ray (Chrono Boost)  
  101  8:33  Void Ray (Chrono Boost)  
  77  8:50  Stalker  
  77  8:51  Stalker x5  
  89  8:59  Probe x2  
  91  9:06  Photon Cannon  
  91  9:10  Photon Cannon  
  91  9:11  Pylon  
  91  9:16  Void Ray (Chrono Boost)  
  95  9:21  Probe  
  95  9:24  Protoss Air Weapons Level 1 (Chrono Boost)  
  96  9:35  Assimilator  
  96  9:40  Assimilator  
  96  9:41  Photon Cannon  
  96  9:43  Zealot x5  
  106  9:53  Charge (Chrono Boost)  
  106  9:58  Protoss Air Armor Level 1 (Chrono Boost)  
  106  10:02  Protoss Ground Weapons Level 1  
  106  10:16  Gateway  
  106  10:17  Photon Cannon  
  106  10:19  Pylon  
  106  10:26  Stalker x3  
  112  10:37  Phoenix x2  
  114  11:03  Stalker x2, Zealot  
  114  11:04  Stalker x2  
  124  11:18  Fleet Beacon  
  124  11:25  Photon Cannon  
  124  11:46  Blink  
  124  11:48  Zealot x2  
  124  11:49  Zealot x2  
  132  11:56  Protoss Shields Level 1  
  70  12:48  Stalker x3  
  70  12:49  Stalker x4  
  62  12:52  Tempest x2 (Chrono Boost)  
  62  12:53  Tempest (Chrono Boost)  
  74  13:20  Zealot x2  
  74  13:21  Zealot x4  
  74  13:22  Zealot  
  32  13:51  Zealot x6  
Show
View Real Time Build Order
Export as new Build Order

LiKiZiA Protoss 

Build Orders:  

Get SALT Encoding   

  12  0:16  Probe (Chrono Boost)  
  13  0:27  Probe (Chrono Boost)  
  14  0:29  Pylon  
  14  0:38  Probe (Chrono Boost)  
  15  0:53  Pylon  
  15  0:56  Gateway  
  15  0:59  Probe (Chrono Boost)  
  15  1:00  Assimilator  
  16  1:05  Assimilator  
  16  1:10  Probe (Chrono Boost)  
  17  1:27  Probe (Chrono Boost)  
  18  1:37  Probe (Chrono Boost)  
  19  1:46  Gateway  
  19  1:59  Forge  
  19  2:01  Zealot  
  21  2:05  Probe (Chrono Boost)  
  22  2:16  Probe (Chrono Boost)  
  23  2:26  Probe (Chrono Boost)  
  23  2:28  Zealot  
  26  2:33  Nexus  
  26  2:37  Probe (Chrono Boost)  
  26  2:43  Pylon  
  27  2:48  Zealot  
  29  2:58  Cybernetics Core  
  29  3:29  Zealot x2  
  33  3:35  Warp Gate (Chrono Boost)  
  24  4:17  Stalker x2  
  24  4:21  Probe  
  29  4:29  Probe  
  24  4:34  Probe  
  25  4:40  Probe  
  26  4:46  Probe  
  26  4:47  Stalker  
  26  4:49  Photon Cannon  
  26  4:50  Probe  
  26  4:51  Pylon  
  30  4:58  Probe  
  31  5:01  Probe  
  32  5:10  Probe  
  33  5:22  Probe (Chrono Boost)  
  33  5:25  Assimilator  
  34  5:28  Assimilator  
  34  5:34  Probe (Chrono Boost)  
  35  5:45  Probe (Chrono Boost)  
  36  5:53  Stargate  
  36  5:54  Stargate  
  36  5:55  Probe (Chrono Boost)  
  33  6:00  Probe (Chrono Boost)  
  34  6:06  Probe (Chrono Boost)  
  34  6:10  Probe (Chrono Boost)  
  29  6:21  Probe (Chrono Boost)  
  30  6:32  Stalker, Probe (Chrono Boost)  
  33  6:33  Stalker  
  31  7:02  Pylon  
  31  7:13  Pylon  
  31  7:15  Pylon  
  31  7:21  Protoss Shields Level 1  
  31  7:25  Pylon  
  31  7:32  Nexus  
  31  7:35  Assimilator  
  31  7:47  Pylon  
  31  7:53  Pylon  
  31  7:58  Pylon, Zealot  
  33  8:02  Photon Cannon  
  33  8:03  Photon Cannon  
  33  8:10  Pylon  
  33  8:26  Mothership Core (Chrono Boost)  
  35  8:30  Stargate  
  35  8:32  Stargate  
  35  8:44  Probe (Chrono Boost)  
  36  8:54  Probe (Chrono Boost)  
  37  8:58  Probe (Chrono Boost)  
  38  9:05  Probe (Chrono Boost)  
  38  9:07  Photon Cannon  
  38  9:08  Photon Cannon  
  38  9:09  Probe (Chrono Boost)  
  40  9:14  Photon Cannon  
  40  9:15  Probe (Chrono Boost)  
  40  9:16  Photon Cannon  
  41  9:19  Probe (Chrono Boost)  
  41  9:20  Photon Cannon  
  42  9:26  Probe (Chrono Boost)  
  42  9:30  Probe (Chrono Boost)  
  47  9:40  Probe (Chrono Boost)  
  47  9:44  Void Ray x2  
  53  9:51  Probe (Chrono Boost)  
  54  10:12  Fleet Beacon  
  54  10:38  Void Ray  
  54  10:39  Void Ray  
  68  11:21  Void Ray x2  
  68  12:33  Carrier x2 (Chrono Boost)  
  81  12:44  Probe  
  81  12:56  Probe  
  58  13:42  Zealot  
Show
View Real Time Build Order
Export as new Build Order

Brotoss Terran 

Build Orders: Reaper Expand, MMM Bio 

Get SALT Encoding   

  12  0:03  SCV  
  13  0:15  SCV  
  14  0:27  SCV  
  15  0:31  Supply Depot  
  15  0:53  SCV  
  15  0:55  Barracks  
  16  0:58  Refinery  
  16  1:06  SCV  
  17  1:18  SCV  
  18  1:30  SCV  
  19  1:33  Command Center  
  19  1:42  SCV  
  19  1:43  Supply Depot  
  19  1:44  Reaper  
  21  1:54  Orbital Command  
  21  2:26  SCV  
  21  2:29  Factory  
  22  2:35  Refinery  
  22  2:45  Barracks Reactor  
  22  2:49  Command Center  
  21  3:06  SCV  
  21  3:11  Orbital Command  
  21  3:12  Barracks  
  22  3:18  SCV  
  22  3:19  Starport  
  23  3:33  SCV  
  24  3:36  Widow Mine x2  
  24  3:38  Barracks Reactor  
  24  3:40  Barracks Tech Lab  
  28  3:45  SCV  
  29  3:58  SCV x2  
  29  4:02  Medivac  
  33  4:05  Widow Mine x2  
  37  4:10  Engineering Bay  
  37  4:19  Barracks  
  37  4:22  Orbital Command  
  37  4:30  Stimpack  
  37  4:34  SCV x2  
  39  4:41  Missile Turret  
  39  4:47  SCV x2  
  39  4:48  Missile Turret  
  33  5:14  Medivac, Widow Mine x2  
  33  5:16  Barracks Reactor  
  33  5:20  Orbital Command, Barracks  
  39  5:44  Barracks Reactor  
  39  5:48  SCV x3  
  42  6:00  SCV x3  
  39  6:12  SCV x3  
  39  6:16  Starport Reactor  
  42  6:21  Barracks Reactor  
  42  6:22  Terran Infantry Weapons Level 1  
  42  6:24  Engineering Bay, SCV x2  
  44  6:26  Supply Depot  
  44  6:27  SCV  
  45  6:36  SCV x2  
  45  6:39  SCV  
  48  6:43  Combat Shields  
  48  6:46  Marine x5  
  53  6:48  SCV x2  
  53  6:54  Refinery  
  55  6:56  Refinery  
  55  6:57  Medivac  
  55  7:00  Widow Mine x2  
  55  7:01  Marine x2  
  61  7:04  Marine x5  
  61  7:05  Terran Infantry Armor Level 1  
  68  7:19  Marine  
  69  7:26  Marine x6  
  69  7:27  Supply Depot  
  75  7:36  Marine  
  76  7:46  Marine  
  76  7:48  Medivac, Marine x4  
  76  7:50  Supply Depot  
  82  8:13  Supply Depot  
  82  8:16  Marine x4  
  82  8:18  Marine x3  
  73  8:28  Barracks  
  73  8:34  Marine x2  
  73  8:36  Armory  
  75  8:41  Medivac x2  
  75  8:43  Marine x3  
  75  8:44  Marine x2  
  75  8:46  Command Center  
  84  8:59  Marine x2  
  84  9:01  Marine x4  
  81  9:21  Medivac x2  
  81  9:22  Marine  
  86  9:27  Marine x6, Terran Infantry Weapons Level 2  
  86  9:31  Supply Depot  
  92  9:35  Marine  
  93  9:40  Marine  
  93  9:45  Marine x2  
  90  9:55  Supply Depot  
  80  10:10  Marine x6  
  80  10:13  SCV x2  
  83  10:16  Orbital Command  
  83  10:19  Medivac x2  
  86  10:21  Terran Infantry Armor Level 2  
  86  10:23  Barracks Reactor  
  86  10:25  SCV x2  
  86  10:27  Barracks  
  87  10:59  Marine  
  87  11:00  Marine x8  
  87  11:02  Command Center  
  91  11:19  Marine x3  
  91  11:20  Marine x5  
  73  11:34  Medivac x2  
  73  11:36  Marine  
  73  11:37  Marine x4  
  81  11:52  Marine x3  
  81  11:53  Marine x2  
  86  11:55  Marine x3  
  86  11:57  Barracks Reactor  
  86  11:58  Barracks  
  89  12:04  Medivac x2  
  92  12:37  SCV x4  
  78  12:56  Marine x6  
  78  12:57  Marine x5  
  76  12:58  Medivac  
  76  12:59  Medivac  
  76  13:04  Barracks Reactor  
  75  13:07  Barracks  
  71  13:14  Marine x7  
  71  13:15  Marine x4  
  70  13:28  Medivac  
  70  13:29  Medivac  
  70  13:31  Marine  
  70  13:32  Marine x4  
  79  13:52  Barracks  
  79  13:55  Barracks  
Show
View Real Time Build Order
Export as new Build Order

Lampara Protoss 

Build Orders:  

Get SALT Encoding   

  12  0:03  Probe (Chrono Boost)  
  13  0:15  Probe (Chrono Boost)  
  14  0:40  Pylon  
  14  0:48  Probe (Chrono Boost)  
  15  0:58  Probe (Chrono Boost)  
  15  1:00  Gateway  
  15  1:03  Assimilator  
  16  1:08  Assimilator  
  16  1:11  Probe (Chrono Boost)  
  17  1:21  Pylon  
  17  1:32  Probe (Chrono Boost)  
  18  1:43  Probe (Chrono Boost)  
  19  1:50  Cybernetics Core  
  19  1:53  Gateway  
  19  2:02  Pylon  
  19  2:06  Probe (Chrono Boost)  
  20  2:12  Zealot  
  22  2:16  Probe (Chrono Boost)  
  23  2:29  Warp Gate (Chrono Boost)  
  23  2:38  Nexus  
  23  2:45  Pylon  
  23  2:53  Stalker  
  25  3:00  Probe  
  26  3:16  Probe  
  27  3:25  Stalker  
  29  3:31  Zealot  
  31  3:37  Gateway  
  31  3:41  Gateway  
  31  3:55  Forge  
  31  3:59  Pylon  
  31  4:00  Probe  
  31  4:02  Pylon  
  32  4:11  Probe  
  32  4:16  Probe  
  34  4:21  Probe  
  35  4:28  Probe  
  36  4:36  Protoss Ground Weapons Level 1  
  36  4:39  Probe  
  37  4:47  Photon Cannon  
  37  4:49  Photon Cannon  
  37  4:50  Probe  
  38  4:57  Photon Cannon  
  31  5:00  Probe  
  27  5:11  Probe  
  27  5:22  Stalker  
  27  5:23  Stalker  
  19  5:59  Zealot  
  20  6:06  Zealot  
  20  6:12  Zealot  
  18  6:32  Pylon  
  18  6:35  Pylon  
  18  6:39  Gateway  
  18  6:49  Photon Cannon  
  17  7:10  Pylon  
  17  7:14  Pylon  
  17  7:18  Assimilator  
  3  7:46  Probe, Photon Cannon  
  4  7:56  Probe  
  5  8:07  Probe  
  6  8:19  Probe  
  7  8:31  Probe  
  8  8:43  Probe  
  9  8:55  Probe  
  10  9:21  Probe  
  11  9:33  Probe  
  13  9:45  Probe  
  13  9:55  Cybernetics Core  
  13  9:57  Probe  
  14  10:02  Pylon  
  14  10:09  Probe  
  15  10:19  Pylon  
  15  10:33  Probe  
  16  10:42  Photon Cannon  
  16  10:45  Probe  
  17  11:19  Probe  
  18  11:31  Probe  
  19  11:37  Twilight Council  
  19  11:44  Probe  
  20  11:49  Photon Cannon  
  20  11:56  Probe  
  21  12:04  Gateway  
  21  12:08  Probe  
  22  12:09  Protoss Ground Armor Level 1  
  22  12:14  Assimilator  
  22  12:20  Probe  
  23  12:32  Probe  
  24  12:41  Dark Shrine  
  24  12:44  Probe  
  25  12:56  Probe  
  26  13:59  Dark Templar  
  26  14:02  Dark Templar  
Show
View Real Time Build Order
Export as new Build Order

ferrerm Protoss 

Build Orders:  

Get SALT Encoding   

  12  0:06  Probe (Chrono Boost)  
  13  0:17  Pylon  
  13  0:38  Gateway  
  13  0:42  Forge  
  13  0:49  Assimilator  
  13  0:52  Probe (Chrono Boost)  
  14  1:03  Probe (Chrono Boost)  
  15  1:22  Probe (Chrono Boost)  
  17  1:33  Probe (Chrono Boost)  
  17  1:43  Probe (Chrono Boost)  
  18  1:47  Pylon  
  18  1:50  Zealot  
  18  1:54  Probe (Chrono Boost)  
  20  2:07  Probe (Chrono Boost)  
  21  2:14  Pylon  
  21  2:18  Probe (Chrono Boost)  
  21  2:19  Cybernetics Core  
  22  2:25  Pylon  
  22  2:28  Probe (Chrono Boost)  
  23  2:39  Probe (Chrono Boost)  
  24  2:48  Photon Cannon  
  24  2:53  Assimilator  
  24  2:57  Gateway  
  24  3:00  Gateway  
  24  3:02  Gateway  
  24  3:14  Probe (Chrono Boost)  
  25  3:23  Stalker  
  25  3:25  Probe (Chrono Boost)  
  28  3:28  Protoss Ground Weapons Level 1  
  28  3:35  Mothership Core (Chrono Boost)  
  28  3:37  Warp Gate (Chrono Boost)  
  30  3:48  Stalker  
  32  3:52  Stalker  
  34  4:15  Stalker  
  34  4:16  Stalker  
  38  5:04  Pylon  
  38  5:33  Stalker x4  
  46  6:39  Nexus  
  46  7:12  Probe  
  47  7:18  Pylon  
  47  7:20  Pylon  
  43  7:24  Pylon, Probe  
  30  7:36  Probe  
  29  7:45  Nexus  
  29  7:48  Pylon, Probe  
  30  7:52  Pylon  
  30  7:55  Pylon  
  30  7:57  Probe  
  30  8:00  Probe  
  32  8:06  Assimilator  
  32  8:08  Probe  
  32  8:11  Assimilator  
  32  8:12  Probe  
  34  8:18  Probe  
  34  8:24  Probe  
  36  8:29  Probe  
  37  8:34  Twilight Council  
  37  8:36  Probe  
  37  8:38  Robotics Facility  
  37  8:40  Gateway  
  38  8:42  Gateway  
  38  8:45  Gateway  
  38  8:47  Gateway  
  38  8:53  Probe  
  38  8:54  Probe  
  40  8:59  Photon Cannon  
  40  9:01  Photon Cannon  
  40  9:03  Probe  
  40  9:06  Probe, Photon Cannon  
  40  9:08  Photon Cannon  
  42  9:20  Protoss Ground Weapons Level 2  
  42  9:24  Charge  
  42  9:34  Assimilator  
  42  9:39  Assimilator  
  42  9:40  Probe x2  
  42  9:41  Probe  
  45  9:48  Gateway  
  45  9:50  Gateway  
  45  9:58  Gateway  
  45  10:08  Probe x2  
  45  10:09  Probe  
  48  10:34  Observer  
  49  10:36  Probe x2  
  49  10:37  Probe  
  52  10:46  Probe  
  52  10:47  Probe  
  52  10:49  Probe  
  55  10:56  Observer  
  56  10:57  Probe  
  57  11:05  Blink  
  57  11:06  Pylon  
  57  11:11  Stalker x2  
  57  11:12  Stalker  
  57  11:13  Stalker  
  57  11:14  Stalker  
  57  11:15  Pylon, Stalker x2  
  71  11:31  Stalker  
  71  11:32  Stalker x3  
  79  11:54  Stalker x3  
  79  11:55  Stalker x2  
  89  12:49  Stalker x5  
  89  12:50  Stalker x3  
  89  12:51  Stalker x2  
Show
View Real Time Build Order
Export as new Build Order

JJFuegoAs Protoss 

Build Orders: Oracle Opening 

Get SALT Encoding   

  12  0:03  Probe (Chrono Boost)  
  13  0:13  Probe (Chrono Boost)  
  14  0:19  Pylon  
  14  0:24  Probe (Chrono Boost)  
  15  0:37  Probe (Chrono Boost)  
  15  0:38  Gateway  
  16  0:46  Assimilator  
  16  0:49  Probe (Chrono Boost)  
  17  0:58  Assimilator  
  17  1:00  Probe (Chrono Boost)  
  18  1:10  Probe (Chrono Boost)  
  19  1:21  Probe (Chrono Boost)  
  20  1:27  Cybernetics Core  
  20  1:29  Pylon  
  20  1:31  Probe (Chrono Boost)  
  21  1:42  Probe (Chrono Boost)  
  22  1:53  Pylon  
  22  1:55  Zealot  
  24  2:03  Warp Gate (Chrono Boost)  
  24  2:13  Stargate  
  24  2:17  Probe (Chrono Boost)  
  25  2:25  Gateway  
  25  2:28  Probe  
  28  2:45  Gateway  
  28  2:49  Mothership Core  
  30  2:53  Stalker (Chrono Boost)  
  30  3:06  Oracle (Chrono Boost)  
  33  3:18  Pylon  
  33  3:41  Oracle (Chrono Boost)  
  36  3:46  Nexus  
  36  4:13  Stalker  
  38  4:21  Stalker x2  
  42  4:28  Pylon  
  42  4:31  Pylon  
  42  4:58  Probe  
  43  5:10  Probe  
  44  5:19  Probe  
  42  5:22  Phoenix, Probe  
  42  5:26  Stalker x2  
  49  5:29  Probe  
  49  5:34  Pylon, Probe  
  51  5:40  Probe  
  52  5:46  Probe  
  53  5:50  Probe  
  53  5:51  Forge  
  53  5:53  Forge  
  54  5:58  Probe  
  54  6:00  Pylon  
  54  6:01  Probe  
  56  6:10  Probe  
  57  6:11  Probe  
  58  6:22  Probe  
  58  6:23  Probe  
  58  6:24  Assimilator  
  60  6:27  Assimilator  
  60  6:35  Probe  
  58  6:40  Stalker x2  
  58  6:41  Stalker  
  58  6:44  Void Ray (Chrono Boost)  
  68  6:47  Protoss Ground Weapons Level 1 (Chrono Boost)  
  68  6:50  Photon Cannon  
  68  6:53  Protoss Ground Armor Level 1 (Chrono Boost), Photon Cannon  
  68  6:57  Probe  
  68  7:00  Twilight Council, Probe  
  69  7:04  Stalker x2  
  74  7:26  Void Ray (Chrono Boost), Gateway  
  74  7:28  Gateway  
  78  7:40  Blink (Chrono Boost)  
  78  7:42  Probe  
  79  7:46  Nexus  
  79  7:50  Pylon  
  79  8:01  Pylon  
  79  8:19  Stalker x2  
  83  8:20  Stalker  
  85  8:28  Gateway  
  85  8:30  Gateway  
  85  8:41  Stalker x2, Fleet Beacon  
  85  8:46  Probe x2  
  91  8:58  Probe x2  
  91  9:00  Probe  
  94  9:05  Void Ray  
  98  9:10  Probe  
  98  9:11  Probe  
  100  9:28  Pylon  
  100  9:30  Pylon  
  106  9:32  Pylon, Probe x2  
  106  9:34  Assimilator  
  106  9:37  Assimilator, Stalker  
  106  9:38  Stalker  
  112  9:45  Templar Archives  
  112  9:55  Probe  
  112  9:59  Carrier (Chrono Boost)  
  119  10:03  Graviton Catapult  
  119  10:05  Stalker  
  121  10:07  Probe, Zealot  
  124  10:28  High Templar x3  
  130  10:31  Zealot  
  130  10:32  Zealot x2  
  124  11:05  High Templar  
  124  11:06  High Templar  
  124  11:07  Archon  
  128  11:16  Psionic Storm  
  128  11:27  Carrier (Chrono Boost)  
  134  11:33  Stargate  
  134  11:35  Stargate  
  132  11:41  Protoss Ground Armor Level 2  
  132  11:55  Stalker  
  132  11:56  Stalker  
  132  11:57  Zealot x5  
  146  12:06  Pylon  
  146  12:08  Pylon  
  146  12:09  Gateway  
  146  12:11  Gateway  
  146  12:16  Gateway  
  158  12:32  Pylon  
  158  12:34  Pylon  
  158  12:37  Carrier (Chrono Boost)  
  158  12:38  Carrier (Chrono Boost)  
Show
View Real Time Build Order
Export as new Build Order

roflQUAFFLE Zerg 

Build Orders: Hatch First, Lurkers 

Get SALT Encoding   

  12  0:01  Drone  
  13  0:12  Overlord  
  13  0:17  Drone  
  14  0:24  Drone, Extractor  
  15  0:31  Drone  
  16  0:36  Drone  
  17  0:56  Hatchery  
  16  0:57  Drone  
  17  1:05  Drone  
  17  1:07  Extractor  
  17  1:17  Spawning Pool  
  16  1:19  Drone  
  17  1:27  Drone  
  17  1:31  Drone  
  19  1:39  Drone  
  20  1:53  Drone  
  21  2:00  Overlord  
  21  2:12  Metabolic Boost  
  21  2:14  Drone  
  22  2:25  Hatchery  
  22  2:26  Queen  
  23  2:31  Queen  
  23  2:34  Drone  
  26  2:37  Zergling x2  
  26  2:40  Zergling x2  
  26  2:43  Drone  
  29  2:50  Evolution Chamber  
  28  2:52  Zergling x2  
  28  2:54  Drone  
  30  3:06  Drone  
  30  3:09  Drone x4  
  35  3:18  Drone, Overlord  
  36  3:27  Pneumatized Carapace  
  36  3:31  Overlord  
  36  3:36  Overlord  
  36  3:37  Zergling x4  
  38  3:43  Zergling x6  
  38  3:44  Zergling x2  
  42  3:53  Zergling x2  
  42  3:54  Zergling x8  
  46  4:04  Zergling x4  
  46  4:09  Zergling x2  
  49  4:10  Zergling x4  
  48  4:19  Zerg Melee Weapons Level 1  
  48  4:22  Zergling x10  
  48  4:23  Zergling x2  
  54  4:26  Overlord  
  54  4:29  Drone x2  
  54  4:30  Drone  
  54  4:36  Drone x2  
  55  4:39  Spore Crawler  
  54  4:46  Drone x3  
  57  4:56  Overlord x2  
  48  5:05  Spine Crawler  
  47  5:07  Spore Crawler  
  47  5:08  Spore Crawler  
  47  5:11  Spine Crawler  
  47  5:13  Drone  
  45  5:14  Spore Crawler  
  45  5:20  Spine Crawler  
  40  5:41  Drone  
  40  5:42  Drone x5, Spine Crawler  
  40  5:43  Spore Crawler  
  40  5:49  Drone  
  38  5:50  Drone  
  38  5:53  Drone  
  36  6:12  Drone  
  36  6:13  Drone x5  
  36  6:14  Zergling x2  
  42  6:21  Drone  
  42  6:22  Drone x2  
  42  6:24  Zergling x2  
  44  6:35  Drone, Zerg Ground Armor Level 1  
  45  6:47  Spore Crawler  
  43  6:48  Spine Crawler  
  43  6:52  Spine Crawler  
  43  6:54  Drone x2  
  43  6:58  Drone  
  44  7:02  Drone x2  
  44  7:05  Drone x2  
  44  7:08  Drone  
  49  7:19  Drone x2  
  49  7:20  Drone  
  44  7:31  Drone  
  44  7:32  Drone x9  
  51  7:38  Lair, Extractor  
  51  7:43  Spore Crawler  
  49  7:46  Extractor  
  49  7:48  Extractor  
  47  7:51  Zergling x2  
  47  7:52  Zergling x12  
  54  8:02  Overlord  
  54  8:03  Overlord  
  50  8:22  Drone  
  50  8:23  Drone x10  
  50  8:24  Extractor  
  50  8:26  Extractor  
  59  8:30  Spore Crawler  
  59  8:32  Spore Crawler  
  59  8:33  Spore Crawler x2  
  55  8:34  Spore Crawler  
  55  8:35  Spore Crawler  
  53  8:42  Hydralisk Den  
  53  8:44  Drone, Spore Crawler  
  53  8:45  Drone x6, Spore Crawler  
  49  8:48  Overlord  
  49  9:07  Drone x7  
  49  9:09  Drone  
  57  9:15  Spore Crawler  
  56  9:19  Spine Crawler  
  55  9:24  Drone, Spore Crawler  
  55  9:25  Drone x4, Spine Crawler  
  55  9:26  Drone  
  59  9:45  Hydralisk  
  55  9:46  Hydralisk x4  
  55  9:49  Muscular Augments  
  63  9:59  Drone x4  
  56  10:00  Drone  
  55  10:08  Drone  
  55  10:09  Drone  
  57  10:17  Drone  
  57  10:18  Drone  
  59  10:23  Drone x2, Hatchery  
  59  10:24  Drone  
  61  10:33  Spore Crawler  
  61  10:34  Spore Crawler  
  59  10:37  Spire  
  59  10:39  Drone  
  59  10:40  Drone x2  
  59  10:41  Drone  
  59  10:42  Drone  
  63  10:43  Infestation Pit  
  62  10:51  Drone  
  62  10:52  Drone x4  
  51  11:11  Overlord x2  
  51  11:16  Hatchery, Overlord x2  
  51  11:17  Hatchery  
  47  11:18  Lurker Den  
  47  11:19  Hydralisk  
  47  11:20  Hydralisk x2  
  53  11:26  Hatchery  
  52  11:40  Spore Crawler x2  
  52  11:41  Drone, Spore Crawler x2  
  52  11:42  Drone x3, Hatchery  
  51  11:49  Hydralisk, Zerg Missile Weapons Level 1  
  51  11:50  Hydralisk x2  
  51  11:53  Queen  
  59  11:57  Hydralisk  
  61  12:01  Hydralisk  
  61  12:18  Hydralisk x3  
  67  12:29  Hydralisk  
  60  12:30  Hydralisk  
  62  12:47  Lurker  
  62  12:48  Lurker x6  
  68  13:02  Hatchery  
  67  13:28  Lurker  
  67  13:29  Lurker  
  67  13:32  Hydralisk  
  67  13:33  Hydralisk x4  
  83  13:48  Drone  
Show
View Real Time Build Order
Export as new Build Order

Goochologist Protoss 

Build Orders:  

Get SALT Encoding   

  12  0:02  Probe (Chrono Boost)  
  13  0:12  Probe (Chrono Boost)  
  14  0:22  Pylon  
  14  0:23  Probe (Chrono Boost)  
  15  0:40  Probe (Chrono Boost)  
  16  0:47  Gateway  
  16  0:50  Probe (Chrono Boost)  
  16  0:53  Assimilator  
  17  1:01  Probe (Chrono Boost)  
  18  1:10  Forge  
  18  1:11  Probe (Chrono Boost)  
  18  1:16  Pylon  
  19  1:22  Probe (Chrono Boost)  
  20  1:33  Probe (Chrono Boost)  
  21  1:43  Probe (Chrono Boost)  
  22  1:49  Assimilator  
  23  1:54  Cybernetics Core, Probe (Chrono Boost)  
  23  1:58  Pylon  
  23  2:00  Pylon  
  23  2:02  Zealot  
  25  2:09  Probe (Chrono Boost)  
  26  2:20  Probe (Chrono Boost)  
  27  2:34  Nexus  
  27  2:47  Stargate  
  27  2:54  Stargate  
  27  3:05  Pylon  
  27  3:13  Pylon  
  27  3:18  Mothership Core (Chrono Boost)  
  29  3:30  Pylon  
  29  3:33  Pylon  
  29  3:37  Probe (Chrono Boost)  
  30  3:43  Assimilator  
  30  3:46  Assimilator  
  30  3:47  Probe (Chrono Boost)  
  31  3:56  Pylon  
  31  3:58  Probe (Chrono Boost)  
  31  4:02  Pylon  
  32  4:05  Probe (Chrono Boost)  
  33  4:16  Probe x2 (Chrono Boost)  
  35  4:26  Probe (Chrono Boost)  
  35  4:27  Probe (Chrono Boost)  
  37  4:34  Void Ray  
  37  4:37  Probe x2 (Chrono Boost)  
  43  4:47  Stargate x2, Probe (Chrono Boost)  
  44  4:56  Probe (Chrono Boost)  
  45  5:06  Probe (Chrono Boost)  
  47  5:07  Probe (Chrono Boost)  
  47  5:11  Void Ray  
  51  5:17  Probe x2 (Chrono Boost)  
  53  5:28  Probe (Chrono Boost)  
  54  5:34  Photon Cannon  
  54  5:38  Probe (Chrono Boost), Photon Cannon  
  55  5:45  Photon Cannon  
  55  5:47  Photon Cannon  
  55  5:49  Probe (Chrono Boost)  
  56  5:51  Void Ray  
  60  5:57  Protoss Air Weapons Level 1  
  60  5:59  Protoss Shields Level 1  
  60  6:24  Void Ray x2  
  68  6:25  Void Ray  
  68  6:29  Probe (Chrono Boost)  
  73  6:59  Void Ray  
  77  7:14  Fleet Beacon  
  77  7:25  Void Ray  
  77  7:26  Void Ray  
  85  7:51  Protoss Air Armor Level 1  
  85  8:09  Void Ray x2  
  89  8:51  Void Ray (Chrono Boost)  
  89  8:52  Void Ray x3 (Chrono Boost)  
  79  9:35  Void Ray (Chrono Boost)  
  91  9:40  Void Ray x2 (Chrono Boost)  
  91  9:44  Mothership Core  
  85  10:31  Void Ray (Chrono Boost)  
  85  10:32  Void Ray (Chrono Boost)  
  97  10:37  Void Ray (Chrono Boost)  
  97  10:38  Probe  
  98  10:50  Probe  
  105  11:17  Carrier (Chrono Boost)  
  105  11:19  Assimilator x2  
  105  11:20  Pylon x2, Nexus  
  103  11:53  Void Ray x2 (Chrono Boost)  
  115  11:59  Void Ray (Chrono Boost)  
  113  12:36  Void Ray (Chrono Boost)  
  109  13:04  Mothership Core  
  111  13:12  Probe  
  112  13:23  Probe  
  113  13:33  Probe  
Tags
 
Add a new tag
Caveats
  • Supply blocks, unpowered buildings, or Contaminate may cause inaccurate times.
  • Supply counts are checked every 10 seconds.